 Dungeon Crawl Stone Soup version 0.30.1-3-gfc49f6343a (webtiles) character file.

Game seed: 10042719941194320432

74 CaptainMV the Chucker (level 4, -4/30 HPs)
             Began as a Demonspawn Wanderer on July 20, 2023.
             Splashed by a jelly's acid (10 damage)
             ... on level 4 of the Dungeon.
             The game lasted 00:15:20 (1423 turns).

CaptainMV the Chucker (Demonspawn Wanderer)         Turns: 1423, Time: 00:15:20

Health: -4/30      AC:  4    Str: 13    XL:     4   Next: 9%
Magic:  1/5        EV: 11    Int: 15    God:
Gold:   167        SH:  0    Dex: 12    Spells: 1/5 levels left

rFire   . . .        a - +3 dagger
rCold   . . .        (no shield)
rNeg    . . .        e - +0 leather armour
rPois   .            (helmet restricted)
rElec   .            j - scarf {shadows}
rCorr   .            (no gloves)
SInv    .            c - +0 pair of boots
Will    .....        (no amulet)
Stlth   ++           h - ring of wizardry
HPRegen 0.25/turn    (no ring)
MPRegen 0.09/turn

%: wizardry (x1)
@: no status effects
A: horns 1, foul stench 1
a: no special abilities


You were on level 4 of the Dungeon.
You visited 1 branch of the dungeon, and saw 4 of its levels.

You collected 167 gold pieces.

Inventory:

Hand Weapons
 a - a +3 dagger (weapon)
Missiles
 l - 5 javelins (quivered)
 m - 6 poisoned darts
Armour
 c - a +0 pair of boots (worn)
 e - a +0 leather armour (worn)
 j - a scarf of shadows (worn)
Jewellery
 h - a ring of wizardry (left hand)
Scrolls
 f - a scroll of poison {unknown}
Potions
 d - a potion of brilliance
 g - a potion of attraction {unknown}
 i - 2 potions of curing {unknown}


   Skills:
 + Level 0.1 Fighting
 + Level 0.6 Short Blades
 + Level 4.2 Throwing
 + Level 1.2 Armour
 + Level 0.2 Dodging
 + Level 2.2 Stealth
 + Level 1.1 Spellcasting
 + Level 1.1 Transmutations
 + Level 2.0 Poison Magic
 + Level 1.0 Evocations


You had one spell level left.
You knew the following spells:

 Your Spells              Type           Power      Damage    Failure   Level
a - Sting                 Tmut/Pois      20%        1d4       6%          1
b - Ignite Poison         Fire/Tmut/Pois 4%         N/A       24%         3

Your spell library contained the following spells:

 Spells                   Type           Power      Damage    Failure   Level
 Passwall                 Tmut/Erth      1%         N/A       16%         2
 Ensorcelled Hibernation  Hex/Ice        0%         N/A       19%         2
 Gell's Gravitas          Tloc           0%         N/A       34%         3
 Swiftness                Air            0%         N/A       34%         3
 Teleport Other           Tloc           0%         N/A       34%         3
 Manifold Assault         Tloc           0%         N/A       73%         4
 Dispersal                Tloc           0%         N/A       100%        6
 Disjunction              Tloc           0%         N/A       100%        8


Dungeon Overview and Level Annotations

Branches:
Dungeon (4/15)
 Temple: D:4-7

Altars:
Ru


Innate Abilities, Weirdness & Mutations

You have a pair of small horns on your head.
You may rarely emit foul miasma when damaged in melee.


Message History

You barely miss the ogre. Your headbutt misses the ogre.
The ogre is moderately wounded.
The ogre hits you with a +0 giant club!!
Ouch! That really hurt!
You hit the ogre.
The ogre is moderately wounded.
Throw: 2 darts (curare)
Press: ? - help, Q - select action, (/) - cycle Shift-Dir - straight line, f/p - ogre
Aim: an ogre, wielding a +0 giant club (heavily wounded, poisoned, 74% to hit)
You throw a curare-tipped dart.
The curare-tipped dart completely misses the ogre.
The ogre looks more healthy.
The endoplasm hits you. The ogre misses you.
Throw: dart (curare)
Press: ? - help, Q - select action, (/) - cycle Shift-Dir - straight line, f/p - ogre
Aim: an ogre, wielding a +0 giant club (heavily wounded, 74% to hit)
You throw a curare-tipped dart. The curare-tipped dart hits the ogre.
The ogre is poisoned.
The ogre convulses.
The ogre seems to slow down.
The ogre is severely wounded.
The jelly hits you.
You are splashed with acid.
* * * LOW HITPOINT WARNING * * *
The endoplasm closely misses you.
As you read the scroll of fog, it crumbles to dust.
The scroll dissolves into smoke.
The jelly barely misses you. The endoplasm closely misses you.
The endoplasm barely misses you. The jelly attacks as you move away!
The jelly hits you but does no damage. The jelly attacks as you move away!
The jelly hits you but does no damage.
The ogre looks more healthy.
Throw: 6 javelins
Press: ? - help, Q - select action, (/) - cycle Shift-Dir - straight line, f/p - ogre
Aim: an ogre, wielding a +0 giant club (almost dead, slow, 74% to hit)
You throw a javelin. The javelin pierces through the jelly!
The jelly is severely wounded.
The javelin pierces through the ogre!
You kill the ogre!
The jelly hits you.
* * * LOW HITPOINT WARNING * * *
You are splashed with acid!
You die...

#########
........############
..........§§§.§....#
.........§§§§§§....#
......@J.)§§§§.....#
.......J§.§§§§.....#
.........§§§§......####
.........§§.§....>.....
............†(.........
.........§/........####
...................#
.............[#
.............#


You could see a jelly and an endoplasm.

Vanquished Creatures
  An ogre (D:4)
  3 adders (D:2)
  2 worms
  2 dart slugs (D:2)
  3 ball pythons
  3 bats
  5 endoplasms
  2 giant cockroaches (D:1)
  2 goblins
  4 hobgoblins
  2 quokkas
  A frilled lizard (D:2)
  5 kobolds
35 creatures vanquished.

Notes
Turn   | Place    | Note
-------+----------+-------------------------------------------
     0 | D:1      | CaptainMV the Demonspawn Wanderer began the quest for the
                  | Orb.
     0 | D:1      | CaptainMV set off with the following items: a +2 dagger, 2
                  | curare-tipped darts, a +0 pair of boots, a potion of
                  | brilliance, a +0 leather armour; and the following spell
                  | memorised: Sting; and the following spells available to
                  | memorise: Ignite Poison.
     0 | D:1      | Reached XP level 1. HP: 13/13 MP: 2/2
   170 | D:1      | Reached skill level 4 in Throwing
   230 | D:1      | Gained mutation: You may rarely emit foul miasma when
                  | damaged in melee. [demonic ancestry]
   230 | D:1      | Reached XP level 2. HP: 14/19 MP: 3/3
   684 | D:2      | Reached skill level 1 in Armour
   774 | D:2      | Reached XP level 3. HP: 11/24 MP: 1/4
   778 | D:2      | Learned a level 3 spell: Ignite Poison
  1069 | D:2      | Reached skill level 1 in Transmutations
  1304 | D:2      | Gained mutation: You have a pair of small horns on your
                  | head. [demonic ancestry]
  1304 | D:2      | Reached XP level 4. HP: 30/30 MP: 0/5
  1383 | D:3      | Found a sacrificial altar of Ru.
  1398 | D:3      | You fall into a shaft and drop 1 floor!
  1403 | D:4      | Noticed an ogre
  1423 | D:4      | Killed an ogre
  1423 | D:4      | Splashed by a jelly's acid

Illustrated notes

Levels and vault maps discovered:
D:1:      minmay_arrival_plants_in_alcoves, layout_loops_corners,
          nicolae_figureground_sparkle
D:2:      layout_loops_cross, hex_medium
D:3:      layout_basic, amcnicky_altar_gilded,
          chequers_temple_overflow_statue_of_worship, gammafunk_ghost_grave,
          minivault_27, chequers_serial_rivers_small_a,
          chequers_hall_statues_corner_a, uniq_ijyb
D:4:      layout_basic, nicolae_qazlal_beasts_of_the_sky, minmay_goblin_outpost

Skill      XL: |  1  2  3 |
---------------+----------+-----
Throwing       | 4 |  4.2
Armour         | 1 |  1.2
Stealth        | 2 |  2.2
Transmutations | 1 |  1.1
Fighting       | |  0.1
Short Blades   | |  0.6
Dodging        | |  0.2
Spellcasting   | |  1.1
Poison Magic   | |  2.0
Evocations     | |  1.0

Action                     |  1- 3 |  4- 6 || total
---------------------------+-------+-------++-------
  Melee: Dagger            |    87 |     5 ||    92
         Headbutt          |       |     1 ||     1
  Throw: Dart              |       |     2 ||     2
         Javelin           |       |     1 ||     1
   Cast: Sting             |    20 |     3 ||    23
         Ignite Poison     |       |     1 ||     1
    Use: Scroll            |     2 |     1 ||     3
         Potion            |     1 |       ||     1
   Stab: Sleeping          |     8 |       ||     8
 Armour: Leather armour    |    18 |     5 ||    23
  Dodge: Dodged            |    53 |     6 ||    59
